 Dungeon Crawl Stone Soup version 0.29.1 (webtiles) character file.

Game seed: 12888694255083805494

513 xian the Gusty (level 7, -3/47 HPs)
             Began as a Demonspawn Air Elementalist on Sept 15, 2022.
             Killed from afar by an orc wizard (10 damage)
             ... with a puff of flame
             ... on level 4 of the Dungeon.
             The game lasted 00:09:45 (4402 turns).

xian the Gusty (Demonspawn Air Elementalist)        Turns: 4402, Time: 00:09:46

Health: -3/47      AC:  8    Str:  8    XL:     7   Next: 0%
Magic:  7/13       EV: 12    Int: 18    God:
Gold:   27         SH:  4    Dex: 14    Spells: 11/14 levels left

rFire   . . .      SeeInvis .   f - +5 dagger
rCold   . . .      Faith    .   (no shield)
rNeg    . . .      Spirit   .   k - +1 robe {Archmagi}
rPois   .          Reflect  .   (helmet restricted)
rElec   .          Harm     .   a - +0 cloak
rCorr   .          Rampage  .   (no gloves)
Will    .....      Archmagi +   (no boots)
Stlth   ++........              (no amulet)
HPRegen 0.15/turn               d - ring of wizardry
MPRegen 0.13/turn               o - +4 ring of protection

@: mighty
A: horns 1, large bone plates 1, foul stench 1
a: no special abilities


You were on level 4 of the Dungeon.
You visited 1 branch of the dungeon, and saw 4 of its levels.

You collected 83 gold pieces.
You spent 56 gold pieces at shops.

Inventory:

Hand Weapons
 f - a +5 dagger (weapon)
Missiles
 m - 6 silver javelins
Armour
 a - a +0 cloak (worn)
 k - a +1 robe of the Archmagi (worn)
Jewellery
 d - a ring of wizardry (left hand)
 n - a ring of wizardry
 o - a +4 ring of protection (right hand)
Scrolls
 p - a scroll of identify
Potions
 b - a potion of magic
 c - a potion of haste {unknown}
 e - 2 potions of curing {unknown}
 g - a potion of brilliance {unknown}
 h - a potion of might
 i - a potion of mutation
 j - 2 potions of attraction {unknown}
 l - 2 potions of degeneration {unknown}


   Skills:
 + Level 0.6 Fighting
 + Level 0.4 Short Blades
 + Level 2.4 Dodging
 + Level 2.5 Stealth
 + Level 4.1 Spellcasting
 + Level 3.5 Conjurations
 + Level 4.4 Air Magic


You had 11 spell levels left.
You knew the following spells:

 Your Spells              Type           Power      Damage    Failure   Level
a - Shock                 Conj/Air       100%       1d9       1%          1
b - Static Discharge      Conj/Air       27%        3-7/arc   1%          2

Your spell library contained the following spells:

 Spells                   Type           Power      Damage    Failure   Level
 Swiftness                Air            29%        N/A       2%          3
 Slow                     Hex            20%        N/A       6%          1
 Airstrike                Air            14%        2d(3-19)  9%          4
 Confusing Touch          Hex            5%         N/A       17%         3
 Vampiric Draining        Necr           5%         2d6       17%         3


Dungeon Overview and Level Annotations

Branches:
Dungeon (4/15)
 Temple: D:4-7

Altars:
Uskayaw
Vehumet

Shops:
D:4 !


Innate Abilities, Weirdness & Mutations

You have a pair of small horns on your head.
You are partially covered in large bone plates. (SH +4)
You may rarely emit foul miasma when damaged in melee.


Message History

You hit the orc priest but do no damage.
The orc priest is moderately wounded.
The orc priest hits you but does no damage.
Unknown command.
You hit the orc priest but do no damage.
You headbutt the orc priest, but do no damage.
The orc priest is moderately wounded.
The orc priest invokes the aid of Beogh against you.
Beogh smites you!
Unknown command.
You barely miss the orc priest.
The orc priest is moderately wounded.
Unknown command.
You barely miss the orc priest.
The orc priest is moderately wounded.
The orc wizard casts a spell at you. The magic dart hits you.
You block the orc priest's attack.
Unknown command.
Unknown command.
Okay, then.
You feel very mighty all of a sudden. You block the orc priest's attack.
You puncture the orc priest!
You kill the orc priest!
Something hits you.
* * * LOW HITPOINT WARNING * * *
You emit a cloud of foul miasma!
The orc wizard closely misses you.
You have reached level 7!
You puncture something! Your headbutt misses something.
The orc wizard casts a spell at you. The magic dart hits you.
* * * LOW HITPOINT WARNING * * *
Something hits you.
* * * LOW HITPOINT WARNING * * *
You puncture something!
Reactivating autopickup.
You feel a bit more experienced.
The orc wizard points at you and mumbles some strange words.
The puff of flame hits you!
You die...

....##♣#).#
#..........#
°...♣.∩.♣.###...#.##...
......♣..............#
°..#####..##..).(#..#
§.## #............# ###
##.##......#.#
#.###...#Y# #.####.##o#
#......§@)# ######.####
#.# #.# #.. ##


You could see an ice beast and an orc wizard.

Vanquished Creatures
  An orc warrior (D:4)
  2 phantoms (D:4)
  An orc priest (D:4)
  A hound (D:4)
  Crazy Yiuf (D:2)
  Jessica (D:2)
  Natasha (twice) (D:2)
  An orc wizard (D:4)
  2 gnolls (D:3)
  3 adders
  4 dart slugs
  2 orcs (D:4)
  3 endoplasms
  5 giant cockroaches
  5 hobgoblins
  4 jackals (D:2)
  3 kobolds
  A quokka (D:1)
  3 ball pythons
  7 bats
  3 frilled lizards
  6 goblins
  4 rats
65 creatures vanquished.

Vanquished Creatures (others)
  A demonic plant (D:1)
1 creature vanquished.

Grand Total: 66 creatures vanquished

Notes
Turn   | Place    | Note
-------+----------+-------------------------------------------
     0 | D:1      | xian the Demonspawn Air Elementalist began the quest for
                  | the Orb.
     0 | D:1      | Reached XP level 1. HP: 13/13 MP: 3/3
   810 | D:1      | Gained mutation: You have a pair of small horns on your
                  | head. [demonic ancestry]
   810 | D:1      | Reached XP level 2. HP: 19/19 MP: 3/5
  1006 | D:1      | Found a faded altar of an unknown god.
  1880 | D:2      | Reached XP level 3. HP: 16/24 MP: 0/6
  2004 | D:2      | Noticed Jessica
  2009 | D:2      | Killed Jessica
  2142 | D:2      | Learned a level 2 spell: Static Discharge
  2390 | D:2      | Gained mutation: You may rarely emit foul miasma when
                  | damaged in melee. [demonic ancestry]
  2390 | D:2      | Reached XP level 4. HP: 30/30 MP: 6/8
  2581 | D:2      | Noticed Natasha
  2589 | D:2      | Killed Natasha
  2683 | D:2      | Found a runed translucent door.
  2684 | D:2      | Noticed Crazy Yiuf
  2735 | D:2      | Noticed Natasha
  2739 | D:2      | Killed Natasha
  2946 | D:2      | Killed Crazy Yiuf
  2947 | D:2      | Reached XP level 5. HP: 18/36 MP: 3/9
  3651 | D:4      | Found a hide-covered altar of Uskayaw.
  3801 | D:4      | Noticed a phantom
  3807 | D:4      | Killed a phantom
  3808 | D:4      | Gained mutation: You are partially covered in large bone
                  | plates. (SH +4) [demonic ancestry]
  3808 | D:4      | Reached XP level 6. HP: 29/42 MP: 1/11
  3933 | D:4      | Found a radiant altar of Vehumet.
  4013 | D:4      | Found Sojudir's Distillery.
  4302 | D:4      | Bought a potion of might for 56 gold pieces
  4373 | D:4      | Noticed an orc warrior
  4380 | D:4      | Killed an orc warrior
  4393 | D:4      | Noticed an ice beast
  4401 | D:4      | Reached XP level 7. HP: 12/47 MP: 7/13
  4402 | D:4      | Killed from afar by an orc wizard

Illustrated notes

Levels and vault maps discovered:
D:1:      lightli_iron_boxes, layout_basic, shapermc_ecumenical_altar_gd,
          corexii_item_surrounded_by_moat, dk_noncrumbling_2, feat_on_display
D:2:      layout_rooms, minivault_27, uniq_crazy_yiuf_cottage, uniq_jessica,
          uniq_natasha
D:3:      layout_basic, minmay_splitting_lines, minmay_quantized, uniq_terence,
          uniq_sigmund, uniq_robin, uniq_pargi
D:4:      layout_loops_ring, nicolae_uskayaw_suspiria, fiery_altar_vehumet,
          tgw_fedhas, minmay_temple_entry_waves, serial_shops,
          nicolae_inconvenience_store, shop, nicolae_shop_trees,
          nicolae_lakefront_shop

Skill      XL: |  1  2  3  4  5  6 |
---------------+-------------------+-----
Dodging        | 2 |  2.4
Air Magic      | 3 4 |  4.4
Stealth        | 2 |  2.5
Spellcasting   | 3 4 |  4.1
Conjurations   | 2 3 |  3.5
Fighting       | |  0.6
Short Blades   | |  0.4

Action                   |  1- 3 |  4- 6 |  7- 9 || total
-------------------------+-------+-------+-------++-------
Melee: Club              |    20 |       |       ||    20
       Punch             |     1 |       |       ||     1
       Dagger            |    20 |    15 |     2 ||    37
       Headbutt          |     3 |     4 |       ||     7
 Cast: Shock             |    48 |    72 |       ||   120
       Static Discharge  |       |    13 |       ||    13
  Use: Scroll            |     3 |     3 |       ||     6
       Potion            |       |     1 |       ||     1
 Stab: Sleeping          |     1 |       |       ||     1
Armor: Robe              |     8 |    17 |       ||    25
Dodge: Dodged            |    23 |    31 |       ||    54
Block: Other             |       |     2 |       ||     2
